 Dungeon Crawl Stone Soup version 0.31-a0-152-g6aa68a64a1 (webtiles) character file.

Game seed: 2265645826312556356

517 qw the Skirmisher (level 7, -2/54 (61) HPs)
             Began as a Minotaur Hunter on June 10, 2023.
             Slain by a wight
             ... wielding a +1 trident of venom
              (5 damage)
             ... on level 4 of the Dungeon.
             The game lasted 00:01:30 (3757 turns).

qw the Skirmisher (Minotaur Hunter)                 Turns: 3757, Time: 00:01:30

HP:   -2/54 (61)    AC:  4    Str: 24    XL:     7   Next: 0%
MP:   6/6           EV:  9    Int:  6    God:
Gold: 214           SH:  0    Dex: 15    Spells: 6/6 levels left

rFire   . . .        Y - +0 shortbow
rCold   . . .        (shield currently unavailable)
rNeg    . . .        j - +1 leather armour of Melancholy {-Cast rPois Will+ Str+2}
rPois   +            (helmet restricted)
rElec   .            (no cloak)
rCorr   .            (no gloves)
SInv    .            (no boots)
Will    +....        f - amulet of faith
Stlth   +            e - +6 ring of strength
HPRegen 0.29/turn    (no ring)
MPRegen 0.10/turn

%: no spellcasting, faith
@: lethally poisoned (-2 -> -9), about to teleport, constricted, heavily drained
A: horns 2, retaliatory headbutt
a: no special abilities


You were on level 4 of the Dungeon.
You visited 1 branch of the dungeon, and saw 4 of its levels.
You also visited: Sewer.

You collected 214 gold pieces.


Innate Abilities, Weirdness & Mutations

You have a pair of horns on your head.
You reflexively headbutt those who attack you in melee.


   Skills:
 - Level 5.0 Fighting
 - Level 8.1 Ranged Weapons
 - Level 1.3 Armour
 + Level 2.2 Dodging
 - Level 0.7 Stealth


You had 6 spell levels left.
You didn't know any spells.
Your spell library was empty.

Inventory:

Hand Weapons
 Y - a +0 shortbow (weapon)
Armour
 j - the +1 leather armour of Melancholy (worn) {-Cast rPois Will+ Str+2}
   (You found it in a sewer)

   Str:       It affects your strength (+2).
   rPois:     It protects you from poison.
   -Cast:     It prevents spellcasting.
   Will:      It increases your willpower.
Jewellery
 e - a +6 ring of strength (left hand)
 f - an amulet of faith (around neck)
 k - an amulet of regeneration
Scrolls
 c - a scroll of teleportation
 d - 2 scrolls of identify
Potions
 a - a potion of heal wounds {unknown}
 b - a potion of mutation {unknown}
 g - a potion of berserk rage {unknown}
 i - a potion of curing {unknown}
 l - a potion of haste

Dungeon Overview and Level Annotations

Branches:
Dungeon (4/15)              Sewer (visited)
 Temple: D:4-7

Altars:
Sif Muna
Zin
The Shining One

Shops:
D:3 ::


Message History

The ball python hisses angrily.
Enter note:
Enter note:
Enter note: You shoot an arrow.
The arrow hits the wight but does no damage.
The wight hits you with a +4 dagger!
You feel drained.
You shoot an arrow. The arrow hits the wight.
The wight is lightly damaged.
The wight closely misses you.
You shoot an arrow. The arrow hits the wight.
The wight is moderately damaged.
The wight hits you with a +4 dagger.
You shoot an arrow.
The arrow hits the wight but does no damage.
The wight is moderately damaged.
You shoot an arrow. The arrow closely misses the wight.
The ball python bites you but does no damage.
The ball python grabs you. The ball python constricts you.
The wight hits you with a +4 dagger!
You feel drained.
The wight hits you from afar with a +1 trident of venom.
You are poisoned.
You shoot an arrow. The arrow hits the ball python.
The ball python is heavily wounded.
You feel very sick. The ball python completely misses you.
The ball python constricts you. The wight hits you with a +4 dagger!
You feel drained.
The wight hits you from afar with a +1 trident of venom.
You shoot an arrow.
The arrow closely misses the ball python.
The arrow hits the wight but does no damage.
You feel sick. The ball python bites you. The ball python constricts you.
The wight hits you with a +4 dagger! The wight barely misses you.
The ball python bites you. The ball python constricts you.
3757 ||| READING 2 scrolls of teleportation.
As you read the scroll of teleportation, it crumbles to dust.
You feel strangely unstable.
You feel sick. The wight hits you with a +4 dagger.
You feel drained.
The wight hits you from afar with a +1 trident of venom.
You die...

#........#...
#........##### #.
#.......[# #..
#........# #...
#........# #....
##........# ......
.#........#
###z.....
.#........#
#zS...#
.#........######@#
.#........#......#
.#####.......#####
.# #.......# .#
#.......# ##
##.#....# #####
#.#....#
....###.#....#
###.....#.####


You could see 2 wights and a ball python.

Vanquished Creatures
  Blork the orc (D:4)
  2 hounds (D:4)
  An orc priest (D:2)
  Jessica (D:2)
  An iguana (D:4)
  An orc wizard (D:3)
  A sickly merfolk siren (Sewer)
  A malarious merfolk avatar (Sewer)
  Robin (D:2)
  3 gnolls
  5 river rats (Sewer)
  6 adders
  2 dart slugs
  4 orcs
  5 endoplasms
  5 giant cockroaches
  15 goblins
  8 hobgoblins
  5 kobolds
  2 quokkas
  6 ball pythons
  3 bats
  7 frilled lizards
  19 rats
105 creatures vanquished.

Notes
Turn   | Place    | Note
-------+----------+-------------------------------------------
     0 | D:1      | qw the Minotaur Hunter began the quest for the Orb.
     0 | D:1      | Reached XP level 1. HP: 18/18 MP: 0/0
     0 | D:1      | 0 ||| qw: Version: 0.2-a-122-gbc61b45
     0 | D:1      | 0 ||| qw: Game counter: 3619
     0 | D:1      | 0 ||| qw: Always use a shield: true
     0 | D:1      | 0 ||| qw: God list: Okawaru
     0 | D:1      | 0 ||| qw: Allow faded altars: false
     0 | D:1      | 0 ||| qw: Do Orc after D:15 true
     0 | D:1      | 0 ||| qw: Do second Lair branch before Depths: true
     0 | D:1      | 0 ||| qw: Lair rune preference: random
     0 | D:1      | 0 ||| qw: Plans: Normal
     0 | D:1      | 0 ||| PLANNING D:1-11
   262 | D:1      | Reached XP level 2. HP: 25/25 MP: 1/1
   270 | D:1      | Found a faded altar of an unknown god.
   300 | D:1      | Reached skill level 5 in Ranged Weapons
   504 | D:1      | Reached skill level 3 in Fighting
   634 | D:1      | Reached XP level 3. HP: 16/31 MP: 2/2
   700 | D:1      | 700 ||| UPGRADING to amulet of faith.
   705 | D:1      | 705 ||| UPGRADING to +6 ring of strength.
   706 | D:1      | 706 ||| DROPPING scroll of butterflies.
   938 | D:2      | Noticed Jessica
   940 | D:2      | Killed Jessica
   941 | D:2      | Reached skill level 6 in Ranged Weapons
   941 | D:2      | Reached XP level 4. HP: 38/38 MP: 3/3
  1111 | D:2      | Noticed Robin
  1122 | D:2      | Killed Robin
  1129 | D:2      | HP: 7/40 [goblin/+0 club[Robin] (5)]
  1407 | D:2      | 1407 ||| DROPPING ring of magical power.
  1408 | D:2      | 1408 ||| READING scroll labelled ESOHEWKOSOS.
  1409 | D:2      | 1409 ||| READING scroll labelled QUIMYRHUMU.
  1480 | D:2      | 1480 ||| READING scroll labelled SEOSCHELLANT.
  1481 | D:2      | 1481 ||| READING scroll labelled HUURPH RUGGA.
  1482 | D:2      | 1482 ||| READING scroll labelled QOFYIG NAYJA.
  1492 | D:3      | Found Eblouc's Vocational Training.
  1536 | D:3      | Found a glowing golden altar of the Shining One.
  1559 | D:3      | 1559 ||| READING scroll labelled ZUEMO ZORADD.
  1673 | D:3      | Found Couliu Heca's Book Shoppe.
  1686 | D:3      | 1686 ||| FLEEEEING.
  1693 | D:3      | 1693 ||| FLEEEEING.
  1701 | D:3      | 1701 ||| STAIRDANCE
  1728 | D:2      | 1728 ||| READING scroll labelled DISEID YKUNU.
  1729 | D:2      | 1729 ||| READING scroll labelled VANOVY XIXIDE.
  1837 | D:3      | 1837 ||| STAIRDANCE
  1846 | D:2      | Reached XP level 5. HP: 15/46 MP: 4/4
  2409 | D:3      | Found a shimmering blue altar of Sif Muna.
  2414 | D:3      | Found a glowing silver altar of Zin.
  2553 | D:3      | 2553 ||| UPGRADING to +0 ring mail.
  2563 | D:3      | 2563 ||| DROPPING +0 leather armour.
  2584 | D:4      | 2584 ||| PLANNING SEWER
  2606 | D:4      | 2606 ||| Stepping ~*~*~tactically~*~*~ (outnumbered).
  2610 | D:4      | 2610 ||| Stepping ~*~*~tactically~*~*~ (outnumbered).
  2616 | D:4      | HP: 11/46 [gnoll/+0 spear (1)]
  2617 | D:4      | 2617 ||| READING scroll of teleportation.
  2620 | D:4      | Reached skill level 1 in Armour
  2824 | D:4      | Found a glowing drain.
  2833 | Sewer    | Entered a sewer
  2835 | Sewer    | 2835 ||| Stepping ~*~*~tactically~*~*~ (water).
  2868 | Sewer    | Reached skill level 7 in Ranged Weapons
  2901 | Sewer    | 2901 ||| Stepping ~*~*~tactically~*~*~ (water).
  2951 | Sewer    | Reached XP level 6. HP: 43/52 MP: 5/5
  3166 | Sewer    | 3166 ||| Stepping ~*~*~tactically~*~*~ (water).
  3211 | Sewer    | Identified the +1 leather armour of Melancholy {-Cast rPois
                  | Will+ Str+2}
  3281 | Sewer    | 3281 ||| UPGRADING to +1 leather armour of Melancholy
                  | {-Cast rPois Will+ Str+2}.
  3291 | Sewer    | 3291 ||| DROPPING +0 ring mail.
  3292 | Sewer    | 3292 ||| DROPPING potion of enlightenment.
  3343 | D:4      | 3343 ||| PLANNING D:1-11
  3370 | D:4      | Noticed Blork the orc
  3379 | D:4      | Killed Blork the orc
  3380 | D:4      | Reached skill level 8 in Ranged Weapons
  3676 | D:4      | Reached XP level 7. HP: 61/61 MP: 6/6
  3756 | D:4      | HP: 6/55 [wight/+4 dagger (10)]
  3757 | D:4      | 3757 ||| READING 2 scrolls of teleportation.
  3757 | D:4      | Slain by a wight

Levels and vault maps discovered:
D:1:      nzn_arrival_crosshair, layout_basic,
          hellmonk_ecumenical_altar_leap_of_faith
D:2:      layout_basic, uniq_jessica, uniq_robin
D:3:      layout_loops_ring, nicolae_overflow_crystal_walls,
          amethyst_overflow_temple_binary, serial_shops, shop,
          small_statue_alley_b, chequers_decorated_corner,
          nicolae_shop_vocational
D:4:      layout_basic, portal_sewer_entry_d, uniq_blork_the_orc, uniq_natasha

Skill      XL: |  1  2  3  4  5  6 |
---------------+-------------------+-----
Ranged Weapons | 5 6 7 8 |  8.1
Fighting       | 3 4 5 |  5.0
Armour         | 1 |  1.3
Dodging        | |  2.2
Stealth        | |  0.7

Action                     |  1- 3 |  4- 6 |  7- 9 || total
---------------------------+-------+-------+-------++-------
   Fire: Shortbow          |    80 |   243 |    10 ||   333
    Use: Scroll            |       |     9 |     1 ||    10
 Armour: Leather armour    |     1 |    12 |     1 ||    14
         Ring mail         |       |    29 |       ||    29
  Dodge: Dodged            |    18 |    68 |     3 ||    89

Table legend:
 A = Non-vault XP
 B = Vault XP
 C = Vault XP percentage of total XP
 D = Non-vault monster count
 E = Vault monster count
 F = Vault count percentage of total count
                 A         B        C        D         E       F
            +---------+---------+-------+---------+---------+-------
      Total |     357 |     382 |  51.7 |      56 |      49 |  46.7
            +---------+---------+-------+---------+---------+-------
        D:1 |      46 |       0 |   0.0 |      20 |       0 |   0.0
        D:2 |      80 |      71 |  47.0 |      10 |      12 |  54.5
        D:3 |      65 |       0 |   0.0 |      15 |       0 |   0.0
        D:4 |     166 |     107 |  39.2 |      11 |       2 |  15.4
      Sewer |       0 |     204 | 100.0 |       0 |      35 | 100.0
            +---------+---------+-------+---------+---------+-------
